 Dungeon Crawl Stone Soup version 0.32-a0-666-ge8a88695a4 (webtiles) character file.

Game seed: 13572514155380860076

3038 ezpacito the Chopper (level 9, -1/62 HPs)
             Began as a Coglin Chaos Knight on Mar 10, 2024.
             Was a Plaything of Xom.
             Slain by a chaos spawn (7 damage)
             ... summoned by Xom
             ... on level 8 of the Dungeon.
             The game lasted 00:09:37 (7032 turns).

ezpacito the Chopper (Coglin Chaos Knight)          Turns: 7032, Time: 00:09:38

Health: -1/62      AC: 12    Str: 10 (14) XL:     9   Next: 86%
Magic:  13/13      EV: 14    Int:  9 (10) God:    Xom [......]
Gold:   460        SH:  0    Dex: 19 (22) Spells: 14/14 levels left

rFire   . . .        a - +0 hand axe (chaos) {Izel}
rCold   . . .        k - +0 trident {Ferran}
rNeg    + . .        b - +2 leather armour
rPois   .            s - +0 helmet
rElec   .            w - +1 cloak
rCorr   .            u - +2 pair of gloves of Moplaoxu {rC+ rN+}
SInv    .            (no boots)
Will    .....        (amulet unavailable)
Stlth   ++           (ring unavailable)
HPRegen 0.30/turn    (ring unavailable)
MPRegen 0.13/turn    (no gizmo)

%: random rage (3%)
@: mighty, revved
A: off-hand wielding, slow wielding, warmup strikes, no jewellery, agile 2,
berserk 1, frail 1, cold vulnerability 1, inability to read after injury 1
a: Invent Gizmo, Renounce Religion


You were on level 8 of the Dungeon.
You worshipped Xom.
You were a very special plaything of Xom.
You visited 2 branches of the dungeon, and saw 9 of its levels.
You also visited: Sewer.

You collected 460 gold pieces.

Inventory:

Hand Weapons
 a - a +0 hand axe of chaos (weapon) {Izel}
 c - the +4 whip of the Hand {antimagic, *Slow rElec Int+4 SInv}
   (You found it on level 5 of the Dungeon)

   Int+4:     It affects your intelligence (+4).
   rElec:     It insulates you from electricity.
   SInv:      It lets you see invisible.
   *Slow:     It may slow you when you take damage.
 f - a +0 war axe
 k - a +0 trident (offhand) {Ferran}
Missiles
 j - 20 poisoned darts (quivered)
 F - 3 boomerangs
Armour
 b - a +2 leather armour (worn)
 s - a +0 helmet (worn)
 u - the +2 pair of gloves of Moplaoxu (worn) {rC+ rN+}
   (You found it in a sewer)

   rC+:       It protects you from cold.
   rN+:       It protects you from negative energy.
 w - a +1 cloak (worn)
 D - a +2 pair of gloves of dexterity
 H - a +0 chain mail
 J - the +4 ring mail "Xagin" {^Contam *Corrode rC+++ Stlth+}
   (You took it off an orc on level 6 of the Dungeon)

   rC+++:     It renders you almost immune to cold.
   ^Contam:   It causes magical contamination when unequipped.
   *Corrode:  It may corrode you when you take damage.
   Stlth+:    It makes you more stealthy.
Magical Staves
 m - a staff of death
 o - a staff of cold
Jewellery
 x - the amulet of Elemental Vulnerability {rPois rF-- rC-- AC+8}
   (You found it on level 5 of the Dungeon)

   [amulet of nothing]

   AC+8:      It affects your AC (+8).
   rF--:      It makes you very vulnerable to fire.
   rC--:      It makes you very vulnerable to cold.
   rPois:     It protects you from poison.
Talismans
 p - a flux talisman
 z - a blade talisman
 A - a beast talisman
Wands
 h - a wand of flame (19)
 y - a wand of polymorph (7)
 B - a wand of iceblast (7)
Scrolls
 e - a scroll of torment {unknown}
 i - a scroll of identify
 t - 2 scrolls of teleportation
 v - a scroll of revelation
 C - 2 scrolls of amnesia {unknown}
 E - a scroll of enchant weapon {unknown}
 G - a scroll of enchant armour {unknown}
 I - a scroll of vulnerability {unknown}
Potions
 r - a potion of berserk rage
Miscellaneous
 n - a tin of tremorstones (2/2)


   Skills:
 * Level 6.2 Fighting
 * Level 6.2(6.7) Axes
 + Level 3.3(5.0) Polearms
 * Level 5.2 Armour
 * Level 4.9 Dodging
 + Level 3.0 Stealth
 + Level 3.0 Spellcasting
 + Level 2.2 Necromancy
 + Level 3.7 Evocations


You had 14 spell levels left.
You didn't know any spells.
Your spell library contained the following spells:

 Spells                   Type           Power      Damage    Failure   Level
 Sublimation of Blood     Necr           5%         N/A       24%         2
 Foxfire                  Conj/Fire      4%         2x1d4     36%         1
 Freeze                   Ice            4%         1d3       36%         1
 Ensorcelled Hibernation  Hex/Ice        2%         N/A       52%         2
 Jinxbite                 Hex            2%         N/A       52%         2
 Dazzling Flash           Conj/Hex       2%         N/A       75%         3
 Frozen Ramparts          Ice            2%         1d1       75%         3
 Hailstorm                Conj/Ice       1%         3d5       75%         3
 Mephitic Cloud           Conj/Alch/Air  1%         N/A       75%         3
 Sigil of Binding         Hex            1%         N/A       75%         3
 Stone Arrow              Conj/Erth      2%         3d7       75%         3
 Animate Armour           Summ/Erth      2%         N/A       98%         4
 Flame Wave               Conj/Fire      1%         2d4       98%         4
 Manifold Assault         Tloc           1%         N/A       98%         4
 Petrify                  Alch/Erth      1%         N/A       98%         4
 Curse of Agony           Necr           5%         N/A       99%         5
 Irradiate                Conj/Alch      0%         3d11      100%        5
 Silence                  Hex/Air        0%         N/A       100%        5
 Summon Mana Viper        Hex/Summ       1%         N/A       100%        5
 Dispersal                Tloc           0%         N/A       100%        6
 Plasma Beam              Fire/Air       0%         2x1d10    100%        6
 Starburst                Conj/Fire      0%         6d3       100%        6
 Disjunction              Tloc           0%         N/A       100%        8
 Fire Storm               Conj/Fire      0%         6d1       100%        9


Dungeon Overview and Level Annotations

Branches:
Dungeon (8/15)             Temple (1/1) D:6           Sewer (visited)
   Lair: D:8-11

Altars:
Ashenzari
Cheibriados
Dithmenos
Elyvilon
Fedhas
Gozag
Hepliaklqana
Kikubaaqudgha
Makhleb
Nemelex Xobeh
Okawaru
Qazlal
Ru
Sif Muna
Trog
Uskayaw
Vehumet
Wu Jian
Xom
Yredelemnul
Zin
The Shining One

Shops:
D:4 [   D:5 =


Innate Abilities, Weirdness & Mutations

You can wield a second weapon in your off-hand.
It takes a long time for you to wield or remove held weapons.
Your first few attacks do less damage.
You cannot equip rings or amulets.
You are very agile. (Dex +8, Str/Int -2)
You sometimes lose your temper in combat.
You are frail. (-10% HP)
You are vulnerable to cold. (rC-)
You occasionally lose the ability to read scrolls when taking damage.


Message History

You barely miss the quasit with your +0 hand axe of chaos.
You barely miss the chaos spawn with your +0 hand axe of chaos.
You catch the helpless crimson imp completely off-guard!
You hit the crimson imp with your +0 hand axe of chaos.
The crimson imp misses you.
The quasit bites you but does no damage.
The quasit claws you but does no damage.
The quasit misses you. The chaos spawn bites you.
You are engulfed in flames!
You take 9 damage, and have 21/62 hp.
You hit the quasit with your +0 trident.
The quasit is moderately wounded.
You closely miss the quasit with your +0 hand axe of chaos.
You closely miss the chaos spawn with your +0 hand axe of chaos.
You slash the crimson imp with your +0 hand axe of chaos!
You kill the crimson imp!
The crimson imp disappears in a puff of smoke!
The quasit bites you but does no damage.
The quasit barely misses you. x2; The chaos spawn closely misses you.
You slash the chaos spawn with your +0 hand axe of chaos!
The chaos spawn is severely wounded.
You miss the quasit with your +0 hand axe of chaos.
You puncture the chaos spawn with your +0 trident!
You kill the chaos spawn!
The chaos spawn degenerates into a cloud of primal chaos!
The quasit bites you but does no damage.
The quasit barely misses you. The quasit misses you. The quasit bites you.
The quasit barely misses you. x2
You take 1 damage, and have 21/62 hp.
You hit the chaos spawn with your +0 trident.
The chaos spawn is lightly wounded.
You hit the chaos spawn with your +0 hand axe of chaos.
You freeze the chaos spawn.
You hit the quasit with your +0 hand axe of chaos.
The quasit convulses.
The quasit bites you. The quasit closely misses you.
The quasit claws you but does no damage.
The chaos spawn touches you!
* * * LOW HITPOINT WARNING * * *
The chaos spawn freezes you!
You die... "Boring in life, boring in death..."

...#...#.#.#####.# .
#...ß#.#....##.# #..
#..#....##.# ....
.........#....+..## .....
####..####....#...###......
#.. .....##....D...... ##
#....##.####......
#....##4# .....
##...##@####......
...##.5.........
#########... .


You could see a chaos spawn (summoned) and a quasit (summoned).

Vanquished Creatures
  A hornet (D:7)
  An acid dragon (D:8)
  2 water moccasins
  3 sky beasts
  Pargi (Sewer)
  A swamp drake (D:6)
  3 ice beasts
  A black bear (D:6)
  An ogre (D:7)
  A centaur (D:7)
  A kobold brigand (D:7)
  2 brain worms (Sewer)
  3 bullfrogs (D:6)
  A wight (D:6)
  2 killer bees (D:8)
  Crazy Yiuf (D:6)
  3 hounds
  5 bombardier beetles
  2 gnoll boudas (D:6)
  An orc priest (D:5)
  3 jellies
  5 iguanas
  2 sleepcaps (D:6)
  An orc wizard (D:5)
  Robin (D:3)
  3 gnolls (D:6)
  8 adders
  A shadow imp (D:6)
  2 ufetubi (D:5)
  4 ribbon worms
  3 dart slugs
  14 orcs
  8 endoplasms
  3 giant cockroaches
  15 goblins
  8 hobgoblins
  12 jackals
  14 kobolds
  4 quokkas
  5 ball pythons
  6 bats
  3 frilled lizards
  3 rats
164 creatures vanquished.

Vanquished Creatures (collateral kills)
  An ogre (D:5)
1 creature vanquished.

Grand Total: 165 creatures vanquished

Notes
Turn   | Place    | Note
-------+----------+-------------------------------------------
     0 | D:1      | ezpacito the Coglin Chaos Knight began the quest for the
                  | Orb.
     0 | D:1      | Reached XP level 1. HP: 18/18 MP: 1/1
    35 | D:1      | XOM: silly message
   120 | D:1      | Found a faded altar of an unknown god.
   289 | D:1      | Reached skill level 1 in Dodging
   305 | D:1      | Reached XP level 2. HP: 21/24 MP: 2/2
   704 | D:2      | XOM: silly message
   713 | D:2      | Reached XP level 3. HP: 23/29 MP: 3/3
   858 | D:2      | XOM: divination: magic mapping
  1353 | D:3      | Reached skill level 1 in Polearms
  1353 | D:3      | Reached XP level 4. HP: 35/35 MP: 5/5
  1356 | D:3      | Reached skill level 1 in Spellcasting
  1632 | D:3      | Noticed Robin
  1643 | D:3      | Killed Robin
  1644 | D:3      | Reached XP level 5. HP: 39/41 MP: 6/6
  1679 | D:3      | Noticed an ice beast
  1697 | D:3      | Killed an ice beast
  1813 | D:3      | Found an ancient bone altar of Kikubaaqudgha.
  2014 | D:4      | Found Utrot's Armour Shop.
  2021 | D:4      | Reached skill level 1 in Stealth
  2021 | D:4      | Reached XP level 6. HP: 43/48 MP: 7/7
  2091 | D:4      | XOM: give mutations
  2091 | D:4      | Gained mutation: You are agile. (Dex +4, Str/Int -1) [Xom's
                  | mischief]
  2091 | D:4      | Gained mutation: Your mind is acute. (Int +4, Str/Dex -1)
                  | [Xom's mischief]
  2092 | D:4      | XOM: 1-stop teleportation journey
  2164 | D:4      | Got Mempuc's Codex of Sizzling Doom
  2265 | D:4      | XOM: 1-stop teleportation journey
  2464 | D:4      | Found a glowing drain.
  2471 | Sewer    | Entered a sewer
  2575 | Sewer    | Reached XP level 7. HP: 54/54 MP: 9/9
  2609 | Sewer    | Noticed Pargi
  2609 | Sewer    | XOM: potion effect (might)
  2615 | Sewer    | Killed Pargi
  2693 | Sewer    | Identified the +2 pair of gloves of Moplaoxu {rC+ rN+}
  3110 | D:4      | Found a basalt altar of Yredelemnul.
  3207 | D:4      | XOM: divination: magic mapping
  3346 | D:5      | Entered Level 5 of the Dungeon
  3376 | D:5      | Identified the +4 whip of the Hand {antimagic, *Slow rElec
                  | Int+4 SInv}
  3468 | D:5      | Found Myidob's Jewellery Shop.
  3484 | D:5      | Reached skill level 1 in Evocations
  3591 | D:5      | Reached XP level 8. HP: 57/61 MP: 10/10
  3645 | D:5      | Found the amulet of Elemental Vulnerability {rPois rF--
                  | rC-- AC+8}
  4060 | D:6      | Reached skill level 5 in Axes
  4067 | D:6      | Identified the +4 ring mail "Xagin" {^Contam *Corrode rC+++
                  | Stlth+}
  4084 | D:6      | XOM: summons friendly shadow imp
  4092 | D:6      | Reached skill level 5 in Fighting
  4097 | D:6      | XOM: confuse monster(s)
  4115 | D:6      | Reached skill level 1 in Necromancy
  4243 | D:6      | Got the Omnibus of Mud and the Evil Eye
  4292 | D:6      | XOM: god gift: 31 gold pieces
  4310 | D:6      | Reached XP level 9. HP: 65/68 MP: 12/12
  4493 | D:6      | XOM: confuse monster(s)
  4497 | D:6      | XOM: scenery: summon butterflies
  4500 | D:6      | XOM: cleaving
  4531 | D:6      | XOM: give mutations
  4531 | D:6      | Gained mutation: You are covered in fur. (AC +1) [Xom's
                  | grace]
  4531 | D:6      | Gained mutation: You are very agile. (Dex +8, Str/Int -2)
                  | [Xom's grace]
  4616 | D:6      | Found a staircase to the Ecumenical Temple.
  4706 | Temple   | Entered the Ecumenical Temple
  4868 | D:6      | Found a runed translucent door.
  4869 | D:6      | Noticed Crazy Yiuf
  4929 | D:6      | XOM: summons 3 hostile demons
  4930 | D:6      | Noticed a hellwing
  5386 | D:6      | XOM: give mutations
  5386 | D:6      | Lost mutation: Your mind is acute. (Int +4, Str/Dex -1)
                  | [Xom's mischief]
  5386 | D:6      | Gained mutation: You occasionally lose the ability to read
                  | scrolls when taking damage. [Xom's mischief]
  5584 | D:6      | XOM: give mutations
  5584 | D:6      | Gained mutation: You sometimes lose your temper in combat.
                  | [Xom's mischief]
  5584 | D:6      | Lost mutation: You are covered in fur. (AC +1) [Xom's
                  | mischief]
  5584 | D:6      | Gained mutation: Your body sometimes deteriorates upon
                  | taking damage. [Xom's mischief]
  5584 | D:6      | Gained mutation: You are frail. (-10% HP) [Xom's mischief]
  5613 | D:6      | Killed Crazy Yiuf
  5822 | D:7      | Found a transporter.
  5822 | D:7      | Found a white marble altar of Elyvilon.
  5825 | D:7      | Found a transporter.
  6046 | D:7      | Noticed a hornet
  6057 | D:7      | Killed a hornet
  6070 | D:7      | Reached skill level 5 in Armour
  6261 | D:7      | XOM: give mutations
  6261 | D:7      | Lost mutation: Your body sometimes deteriorates upon taking
                  | damage. [Xom's mischief]
  6261 | D:7      | Gained mutation: You are vulnerable to cold. (rC-) [Xom's
                  | mischief]
  6394 | D:7      | XOM: stat loss: -1 Dex (19/22)
  6620 | D:7      | XOM: summons 3 hostile shadow creatures
  6783 | D:8      | XOM: swap monsters
  6839 | D:8      | XOM: confusion
  6856 | D:8      | XOM: noise
  6862 | D:8      | XOM: summons 1 hostile shadow creature
  6863 | D:8      | Noticed a hornet
  7021 | D:8      | XOM: summons 4 hostile demons
  7032 | D:8      | Slain by a chaos spawn

Illustrated notes

Levels and vault maps discovered:
D:1:      mainiacjoe_arrival_oval_in_oval, layout_rooms,
          ebering_ecumenical_altar_rust, minmay_misc_feat_chi, minivault_23,
          fountainhead, minmay_pentomino_r2
D:2:      layout_loops_ring
D:3:      layout_basic, kiku_gazebo_pond_becter, uniq_robin
D:4:      corexii_shack_village, layout_loops_cross,
          mainiacjoe_overflow_cross_hatched, gup_sewer_entry_bubbles,
          serial_shops, shop, hangedman_feature_mirror,
          minmay_fractal_squares_gapless_5
D:5:      layout_cave_pools, serial_shops, nicolae_take_the_stairs
D:6:      layout_basic, minmay_temple_entry_waves, minmay_alternating_orb,
          uniq_crazy_yiuf_cottage
D:7:      layout_basic, elyvilon_altar_4, patterned_corridor
D:8:      layout_basic, minivault_1, serial_library_hellmonk_angled_corner
Temple:   nicolae_temple_bog_church

Skill      XL: |  1  2  3  4  5  6  7  8  9 |
---------------+----------------------------+-----
Dodging        | 1 2 3 4 |  4.9
Armour         | 2 3 4 5 |  5.2
Polearms       | 1 2 3 |  3.3
Spellcasting   | 1 2 3 |  3.0
Stealth        | 1 2 3 |  3.0
Axes           | 4 5 6 |  6.2
Fighting       | 4 5 6 |  6.2
Evocations     | 1 2 3 |  3.7
Necromancy     | 1 2 |  2.2

Action                     |  1- 3 |  4- 6 |  7- 9 || total
---------------------------+-------+-------+-------++-------
  Melee: Dagger            |    94 |    18 |       ||   112
         Hand axe          |    96 |   105 |   301 ||   502
         Spear             |       |    80 |   170 ||   250
         Trident           |       |       |   178 ||   178
    Use: Scroll            |       |     7 |     9 ||    16
         Potion            |       |     2 |    14 ||    16
   Stab: Sleeping          |     2 |     2 |    13 ||    17
         Confused          |       |     2 |     4 ||     6
         Paralysed         |       |       |     2 ||     2
         Distracted        |       |       |     1 ||     1
 Armour: Leather armour    |    60 |    75 |   229 ||   364
  Dodge: Dodged            |    69 |    56 |   261 ||   386

Table legend: (Time is in decaauts)
 A = Elapsed time spent in this place.
 B = Non-inter-level travel time spent in this place.
 C = Inter-level travel time spent in this place.
 D = Time resting spent in this place.
 E = Time spent auto-exploring this place.
 F = Levels seen in this place.
 G = Mean time per level.
                   A        B        C        D        E       F      G
               +--------+--------+--------+--------+--------+-----+--------+
         Total |   7069 |   6502 |    567 |    330 |   4665 |  10 |  706.9 |
       Dungeon |   6747 |   6181 |    566 |    240 |   4514 |   8 |  843.4 |
        Temple |      1 |      1 |      0 |      0 |      0 |   1 |    1.0 |
         Sewer |    320 |    320 |      0 |     90 |    150 |   1 |  320.0 |
               +--------+--------+--------+--------+--------+-----+--------+

Top non-repeatable levels by time:
     D:6: 1671 daAuts
     D:4: 1027 daAuts
     D:7: 1008 daAuts
     D:5: 764 daAuts
     D:2: 701 daAuts
     D:3: 696 daAuts
     D:1: 607 daAuts
   Sewer: 320 daAuts
     D:8: 268 daAuts
  Temple: 1 daAuts
